 Dungeon Crawl Stone Soup version 0.25-a0-294-gea9b1ad378 (webtiles) character file.

Game seed: 1179132154130391027, levelgen mode: deterministic

252 McKennaii the Chopper (level 5, -2/41 HPs)
             Began as a Demonspawn Fighter on Dec 17, 2019.
             Succumbed to an orc's poison
             ... on level 4 of the Dungeon.
             The game lasted 00:03:30 (2932 turns).

McKennaii the Chopper (Demonspawn Fighter)          Turns: 2932, Time: 00:03:31

Health: -2/41      AC:  9    Str: 18    XL:     5   Next: 89%
Magic:  5/5        EV: 12    Int:  7    God:
Gold:   207        SH: 10    Dex: 19    Spells: 4/4 levels left

rFire    . . .     SeeInvis .   a - +0 war axe
rCold    . . .     Gourm    .   c - +0 shield
rNeg     . . .     Faith    .   b - +0 scale mail
rPois    .         Spirit   .   s - +0 helmet
rElec    .         Reflect  .   k - +0 cloak
rCorr    .         Harm     .   (no gloves)
MR       .....                  (no boots)
Stlth    ++........             (no amulet)
HPRegen  0.13/turn              i - ring of stealth
MPRegen  0.09/turn              (no ring)

@: agile, lethally poisoned (-2 -> -39), hasted, very quick
A: claws 1, agile 1, demonic guardian 2, dopey 1, powered by death 1, subdued
magic 1
a: no special abilities


You were on level 4 of the Dungeon.
You were not hungry.

You visited 1 branch of the dungeon, and saw 4 of its levels.

You collected 207 gold pieces.

Inventory:

Hand Weapons
 a - a +0 war axe (weapon)
Armour
 b - a +0 scale mail (worn)
 c - a +0 shield (worn)
 k - a +0 cloak (worn)
 s - a +0 helmet (worn)
Jewellery
 i - a ring of stealth (left claw)
 q - an uncursed amulet of the acrobat {unknown}
Wands
 t - a wand of random effects (18)
Scrolls
 e - 2 scrolls of magic mapping {unknown}
 g - 6 scrolls of identify {unknown}
 h - a scroll of teleportation {unknown}
 j - 2 scrolls of remove curse {unknown}
 n - 2 scrolls of amnesia {unknown}
 o - 2 scrolls of immolation {unknown}
 p - 2 scrolls of enchant weapon {unknown}
 v - a scroll of enchant armour {unknown}
Potions
 d - a potion of might
 l - a potion of agility
Comestibles
 f - 5 rations
 u - 3 chunks of flesh


   Skills:
 + Level 3.4 Fighting
 * Level 3.9 Axes
 + Level 3.9 Armour
 + Level 0.8 Dodging
 + Level 3.4 Shields


You had 4 spell levels left.
You didn't know any spells.
Your spell library was empty.

Dungeon Overview and Level Annotations

Branches:
Dungeon (4/15)
 Temple: D:4-7

Altars:


Innate Abilities, Weirdness & Mutations

You have sharp fingernails.
A demonic guardian rushes to your aid.
You regenerate a little health from kills.
You are agile. (Dex +2)
You are dopey. (Int -2)
Your spells are a little easier to cast, but a little less powerful.


Message History

You feel very sick. Something hits you. The orc hits you but does no damage.
You are more poisoned.
You hear some strange, mumbled words.
A puff of frost appears from out of thin air!
The puff of frost hits you!
* * * LOW HITPOINT WARNING * * *
The orc hits you but does no damage.
It was a potion of agility.
You feel agile all of a sudden.
* * * LOW HITPOINT WARNING * * *
You feel very sick. Something barely misses you. You block something's attack.
The orc misses you.
It was a potion of mutation.
You feel extremely strange.
You feel stupid.
Your connection to magic feels subdued.
You feel agile.
* * * LOW HITPOINT WARNING * * *
You feel very sick. You block something's attack. You block the orc's attack.
It was a potion of haste.
You feel yourself speed up.
You die...

#.#......# #.#......#
#.#......# #.# .....#
#.# ....
#####.###.#######
######.....))o........
#.).....)..)@{.#
#.#######..##### #.#
#..# #.# #.... #.#
#..### #.#######.o#
#.......#.o.
#######.##.. #.##.oo


You could see an orc.

Vanquished Creatures
  2 orc wizards (D:4)
  4 adders
  3 gnolls (D:2)
  A dart slug (D:3)
  6 leopard geckos
  4 orcs (D:4)
  5 bats
  3 giant cockroaches
  10 goblins
  4 hobgoblins (D:1)
  4 jackals (D:2)
  A quokka (D:2)
  7 frilled lizards
  8 kobolds
  A quokka skeleton (D:4)
  4 rats
67 creatures vanquished.

Vanquished Creatures (collateral kills)
  An ogre (D:4)
  A rat (D:2)
2 creatures vanquished.

Grand Total: 69 creatures vanquished

Notes
Turn   | Place    | Note
-------+----------+-------------------------------------------
     0 | D:1      | McKennaii the Demonspawn Fighter began the quest for the
                  | Orb.
     0 | D:1      | Reached XP level 1. HP: 18/18 MP: 1/1
   279 | D:1      | Gained mutation: A weak demonic guardian rushes to your
                  | aid. [demonic ancestry]
   279 | D:1      | Reached XP level 2. HP: 24/24 MP: 2/2
   707 | D:2      | Gained mutation: You have sharp fingernails. [demonic
                  | ancestry]
   707 | D:2      | Reached XP level 3. HP: 14/29 MP: 3/3
  1090 | D:2      | Gained mutation: A demonic guardian rushes to your aid.
                  | [demonic ancestry]
  1090 | D:2      | Reached XP level 4. HP: 27/35 MP: 4/4
  2467 | D:4      | Noticed an ogre
  2471 | D:4      | Killed an ogre
  2471 | D:4      | Gained mutation: You regenerate a little health from kills.
                  | [demonic ancestry]
  2471 | D:4      | Reached XP level 5. HP: 6/41 MP: 5/5
  2931 | D:4      | Gained mutation: You are dopey. (Int -2) [potion of
                  | mutation]
  2931 | D:4      | Gained mutation: Your spells are a little easier to cast,
                  | but a little less powerful. [potion of mutation]
  2931 | D:4      | Gained mutation: You are agile. (Dex +2) [potion of
                  | mutation]
  2931 | D:4      | HP: 1/41 [poisoned by an orc]
  2932 | D:4      | Succumbed to an orc's poison

Levels and vault maps discovered:
D:1:      tarquinn_simple_flora_water_f, layout_basic, palyth_stone_intersect
D:2:      layout_loops_corners, first_ration
D:3:      layout_basic
D:4:      layout_basic

Skill      XL: |  1  2  3  4 |
---------------+-------------+-----
Axes           | 2 3 |  3.9
Shields        | 3 |  3.4
Armour         | 3 |  3.9
Fighting       | |  3.4
Dodging        | |  0.8

Action                   |  1- 3 |  4- 6 || total
-------------------------+-------+-------++-------
Melee: War axe           |   106 |   156 ||   262
  Use: Potion            |       |     3 ||     3
  Eat: Chunk             |       |     7 ||     7
Armor: Scale mail        |    70 |    91 ||   161
Dodge: Dodged            |    42 |    59 ||   101
Block: Shield            |    57 |   105 ||   162

Table legend:
 A = Non-vault XP
 B = Vault XP
 C = Vault XP percentage of total XP
 D = Non-vault monster count
 E = Vault monster count
 F = Vault count percentage of total count
                 A         B        C        D         E       F
            +---------+---------+-------+---------+---------+-------
      Total |     360 |       0 |   0.0 |      69 |       0 |   0.0
            +---------+---------+-------+---------+---------+-------
        D:1 |      37 |       0 |   0.0 |      23 |       0 |   0.0
        D:2 |     121 |       0 |   0.0 |      27 |       0 |   0.0
        D:3 |      30 |       0 |   0.0 |      10 |       0 |   0.0
        D:4 |     172 |       0 |   0.0 |       9 |       0 |   0.0
            +---------+---------+-------+---------+---------+-------
